 Dungeon Crawl Stone Soup version 0.31-a0-187-gba352fbbf7 (webtiles) character file.

Game seed: 13161766278183669034

14 ketsa the Caller (level 2, -1/19 HPs)
             Began as a Vampire Summoner on June 22, 2023.
             Slain by a ball python (3 damage)
             ... on level 1 of the Dungeon.
             The game lasted 00:03:12 (416 turns).

ketsa the Caller (Vampire Summoner)                  Turns: 416, Time: 00:03:13

Health: -1/19      AC:  2    Str:  7    XL:     2   Next: 27%
Magic:  4/5        EV:  9    Int: 17    God:
Gold:   33         SH:  0    Dex: 14    Spells: 4/5 levels left

rFire   . . .        h - +0 dagger
rCold   . . .        (no shield)
rNeg    . . .        j - +0 robe
rPois   .            (no helmet)
rElec   .            (no cloak)
rCorr   .            (no gloves)
SInv    +            (no boots)
Will    +....        (no amulet)
Stlth   ++           d - ring of willpower
HPRegen 0.43/turn    (no ring)
MPRegen 0.09/turn

%: no passive effects
@: healing quickly, constricted
A: alive, fangs 3, see invisible, vampiric 1
a: Exsanguinate


You were on level 1 of the Dungeon.
You visited 1 branch of the dungeon, and saw 1 of its levels.

You collected 33 gold pieces.

Inventory:

Hand Weapons
 e - a +0 spear
 h - a +0 dagger (weapon)
Armour
 j - a +0 robe (worn)
Jewellery
 d - a ring of willpower (left hand)
Scrolls
 a - a scroll of teleportation {unknown}
 c - a scroll of fear {unknown}
 g - a scroll of blinking {unknown}
Potions
 b - a potion of magic
 f - a potion of curing {unknown}


   Skills:
 - Level 2.1 Dodging
 - Level 3.0 Stealth
 + Level 2.4 Spellcasting
 + Level 4.3 Summonings


You had 4 spell levels left.
You knew the following spells:

 Your Spells              Type           Power      Damage    Failure   Level
a - Summon Small Mammal   Summ           64%        N/A       3%          1

Your spell library contained the following spells:

 Spells                   Type           Power      Damage    Failure   Level
 Call Imp                 Summ           32%        N/A       4%          2
 Call Canine Familiar     Summ           16%        N/A       10%         3
 Summon Guardian Golem    Hex/Summ       9%         N/A       22%         3
 Ensorcelled Hibernation  Hex/Ice        4%         N/A       28%         2
 Passwall                 Tmut/Erth      1%         N/A       28%         2
 Swiftness                Air            2%         N/A       50%         3
 Summon Lightning Spire   Summ/Air       9%         N/A       58%         4


Dungeon Overview and Level Annotations

Branches:
Dungeon (1/15)

Altars:

Shops:
D:1 *[


Innate Abilities, Weirdness & Mutations

Your natural rate of healing is accelerated.
You have razor-sharp teeth.
You have supernaturally acute eyesight. (SInv)
You are afflicted with vampirism.


Message History

The giant cockroach closely misses your bat.
The ball python barely misses you. The ball python constricts you.
Your bat hits the endoplasm.
The giant cockroach barely misses your bat.
Your bat hits the giant cockroach.
Your bat closely misses the quokka.
The ball python bites you. The ball python constricts you.
The giant cockroach misses your bat. The quokka bites you.
Your bat barely misses the giant cockroach.
Your rat bites the quokka.
You hit the giant cockroach but do no damage.
Your bite misses the giant cockroach.
The giant cockroach is severely wounded.
Your bat hits the giant cockroach. The ball python barely misses you.
The ball python constricts you. The quokka bites you.
Your rat bites the quokka but does no damage.
You completely miss the endoplasm.
The endoplasm is lightly wounded.
Your bat hits the giant cockroach.
The giant cockroach dies!
The ball python closely misses you. The ball python constricts you.
The quokka bites you. The endoplasm barely misses you.
Your rat barely misses the quokka.
You hit the quokka.
The quokka is almost dead.
The ball python barely misses you. The ball python constricts you.
Your bat hits the endoplasm but does no damage.
The quokka bites you but does no damage.
Your bat closely misses the quokka.
The endoplasm freezes you.
You are frozen.
* * * LOW HITPOINT WARNING * * *
The ball python bites you but does no damage.
The ball python constricts you.
Your rat closely misses the quokka.
The ball python's grasp on you weakens, but your attempt to escape fails.
Your bat hits the endoplasm. The quokka bites you.
* * * LOW HITPOINT WARNING * * *
Your bat hits the quokka.
The quokka dies!
The ball python bites you.
You die...

#...#.######...... #.
##...#.#####[......
#.##....#.#...[..##...
#.......#.#.##..###... #
#..##.....#.##.#......
..∩......†..............
#...#..............###..
#.....S.................
.....bJ@................
.....†.###...........##.
......r ...........#....
.......###.........###..
....... #.........# #.#
####### ########### #(
##


You could see an endoplasm (ally target), a ball python, a friendly bat
(summoned) and a friendly rat (summoned).

Vanquished Creatures
  An endoplasm (D:1)
  2 giant cockroaches (D:1)
  A ball python (D:1)
  2 rats (D:1)
6 creatures vanquished.

Vanquished Creatures (collateral kills)
  2 giant cockroaches (D:1)
  A goblin (D:1)
  A quokka (D:1)
  A ball python (D:1)
  A bat (D:1)
  A frilled lizard (D:1)
  2 rats (D:1)
9 creatures vanquished.

Grand Total: 15 creatures vanquished

Notes
Turn   | Place    | Note
-------+----------+-------------------------------------------
     0 | D:1      | ketsa the Vampire Summoner began the quest for the Orb.
     0 | D:1      | Reached XP level 1. HP: 13/13 MP: 3/3
    98 | D:1      | Found Uttu's Antique Armour Boutique.
   308 | D:1      | Reached XP level 2. HP: 19/19 MP: 1/5
   399 | D:1      | Found Vadgh's General Store.
   416 | D:1      | Slain by a ball python

Illustrated notes

Levels and vault maps discovered:
D:1:      dpeg_arrival_chambers_temple_mockup, layout_rooms, serial_shops, shop,
          shop, nicolae_shop_pleasant_corner_grove, shop, corner_web_ring,
          minmay_misc_feat_nine_boxes

Action                     || total
---------------------------++-------
  Melee: Unarmed           ||    11
         Bite              ||     7
         Dagger            ||    18
   Cast: Summon Small Mamm ||    11
   Stab: Sleeping          ||     2
         Distracted        ||     1
 Armour: Robe              ||     5
  Dodge: Dodged            ||    25

Table legend: (Time is in decaauts)
 A = Elapsed time spent in this place.
 B = Non-inter-level travel time spent in this place.
 C = Inter-level travel time spent in this place.
 D = Time resting spent in this place.
 E = Time spent auto-exploring this place.
 F = Levels seen in this place.
 G = Mean time per level.
                   A        B        C        D        E       F      G
               +--------+--------+--------+--------+--------+-----+--------+
         Total |    415 |    365 |     50 |    100 |     62 |   1 |  415.0 |
       Dungeon |    415 |    365 |     50 |    100 |     62 |   1 |  415.0 |
               +--------+--------+--------+--------+--------+-----+--------+

Top non-repeatable levels by time:
     D:1: 415 daAuts
